 Dungeon Crawl Stone Soup version 0.29.1-2-gbd0b4ee654 (webtiles) character file.

Game seed: 17560121424819025855

22232 zermelo the Severer (level 12, -21/106 HPs)
             Began as a Minotaur Berserker on Nov 30, 2022.
             Was a High Priest of Trog.
             Demolished by a titanic slime creature (75 damage)
             ... on level 12 of the Dungeon.
             The game lasted 01:27:55 (16893 turns).

zermelo the Severer (Minotaur Berserker)           Turns: 16893, Time: 01:27:55

Health: -21/106    AC: 24    Str: 35    XL:     12   Next: 61%
Magic:  11/11      EV: 13    Int:  4    God:    Trog [*****.]
Gold:   881        SH:  0    Dex: 14    Spells: 11/11 levels left

rFire   . . .      SeeInvis .   k - +0 broad axe
rCold   . . .      Faith    .   (no shield)
rNeg    + . .      Spirit   .   G - +6 chain mail of the Shoals {Str+3 Dex+3}
rPois   .          Reflect  .   (helmet restricted)
rElec   .          Harm     .   I - +2 cloak
rCorr   .          Rampage  .   d - +2 pair of gloves
Will    .....                   (no boots)
Stlth   ..........              (no amulet)
HPRegen 0.27/turn               b - ring of positive energy
MPRegen 0.12/turn               a - +6 ring of strength

@: mighty
A: horns 2, retaliatory headbutt
a: Renounce Religion, Berserk, Trog's Hand, Brothers in Arms


You were on level 12 of the Dungeon.
You worshipped Trog.
Trog was extremely pleased with you.
You visited 2 branches of the dungeon, and saw 13 of its levels.
You also visited: Ossuary.

You collected 881 gold pieces.

Inventory:

Hand Weapons
 k - a +0 broad axe (weapon)
 l - a +6 vorpal flail
 B - a +2 halberd of protection
 M - the +10 short sword "Sositis" {drain, rElec MP-9 Str+4 Stlth+}
   (You found it on level 11 of the Dungeon)

   A truly terrible weapon, it drains the life of any living foe it strikes.
   Str:       It affects your strength (+4).
   rElec:     It insulates you from electricity.
   MP:        It affects your magic capacity (-9).
   Stlth:     It makes you more stealthy.
 N - a +2 dagger of holy wrath
Armour
 d - a +2 pair of gloves (worn)
 o - a +0 ring mail
 u - a +0 plate armour
 G - the +6 chain mail of the Shoals (worn) {Str+3 Dex+3}
   (You found it on level 7 of the Dungeon)

   Str:       It affects your strength (+3).
   Dex:       It affects your dexterity (+3).
 I - a +2 cloak (worn)
 J - the +4 ring mail "Hero's Friend" {rElec rC+++ Str-3 Int+3}
   (You found it on level 8 of the Dungeon)

   Str:       It affects your strength (-3).
   Int:       It affects your intelligence (+3).
   rC:        It renders you almost immune to cold.
   rElec:     It insulates you from electricity.
 O - the +3 leather armour "Coanleamp" {Slay+5 Stlth+}
   (You found it on level 11 of the Dungeon)

   Slay:      It affects your accuracy & damage with ranged weapons and melee
   (+5).
   Stlth:     It makes you more stealthy.
Jewellery
 a - a +6 ring of strength (right hand)
 b - a ring of positive energy (left hand)
 m - a ring of see invisible
Wands
 y - a wand of mindburst (23)
 H - a wand of digging (4)
 L - a wand of paralysis (15)
Scrolls
 e - a scroll of enchant armour
 h - a scroll of butterflies
 i - 2 scrolls of fear
 j - a scroll of identify
 n - 3 scrolls of teleportation
 s - a scroll of magic mapping
 t - a scroll of enchant weapon
 w - 2 scrolls of immolation
Potions
 c - a potion of might
 f - 4 potions of heal wounds
 g - 4 potions of curing
 p - a potion of berserk rage {unknown}
 q - 2 potions of ambrosia
 v - 2 potions of magic {unknown}
 x - 2 potions of brilliance
 z - 2 potions of lignification
 A - a potion of degeneration {unknown}
 C - a potion of flight {unknown}
 D - 4 potions of mutation
 E - 2 potions of cancellation {unknown}
 F - a potion of attraction {unknown}
 K - 2 potions of resistance {unknown}
Miscellaneous
 r - a phantom mirror


   Skills:
 + Level 10.0 Fighting
 + Level 17.6 Axes
 + Level 9.6 Armour
 + Level 8.8 Dodging
 + Level 9.2 Shields


You had 11 spell levels left.
You didn't know any spells.
Your spell library was empty.

Dungeon Overview and Level Annotations

Branches:
Dungeon (12/15)            Temple (1/1) D:5            Lair (0/5) D:8
    Orc (0/2) D:11        Ossuary (visited)

Altars:
Ashenzari
Cheibriados
Dithmenos
Elyvilon
Fedhas
Gozag
Hepliaklqana
Kikubaaqudgha
Makhleb
Nemelex Xobeh
Okawaru
Qazlal
Ru
Sif Muna
Trog
Uskayaw
Vehumet
Wu Jian
Xom
Yredelemnul
Zin
The Shining One

Shops:
D:2 [   D:4 :   D:9 =   D:11 *


Innate Abilities, Weirdness & Mutations

You have a pair of horns on your head.
You reflexively headbutt those who attack you in melee.


Message History

You barely miss the large slime creature.
The large slime creature is heavily wounded.
Two slime creatures merge to form a very large slime creature.
You feel very mighty all of a sudden.
Two slime creatures merge to form an enormous slime creature.
You slice the enormous slime creature!!
The enormous slime creature is moderately wounded.
You hit the enormous slime creature.
You headbutt the enormous slime creature.
The enormous slime creature is heavily wounded.
You slice the enormous slime creature!!
You headbutt the enormous slime creature!
The enormous slime creature is heavily wounded.
You slash the enormous slime creature!
Your punch misses the enormous slime creature.
The enormous slime creature is severely wounded.
A slime creature comes into view.
The enormous slime creature hits you!!
The slime creature quivers.
You barely miss the enormous slime creature.
The enormous slime creature is severely wounded.
You cut the enormous slime creature into ribbons!!!
The enormous slime creature is severely wounded.
You hear a bellow! x2
The enormous slime creature hits you!
You slash the enormous slime creature!
Your headbutt misses the enormous slime creature.
The enormous slime creature is almost dead.
The enormous slime creature hits you!!
You slice the enormous slime creature!!
The enormous slime creature is almost dead.
Two slime creatures merge to form a titanic slime creature.
You completely miss the titanic slime creature.
The titanic slime creature is severely wounded.
You slice the titanic slime creature!!
The titanic slime creature is severely wounded.
A slime creature comes into view.
The titanic slime creature hits you!!!!
Ouch! That really hurt!
You die...

#.# # #.#
# #.# #
#.# # #.J
# #.# #
#.# ## #J#
#########.
#@#
#........#
#.#
#.#######.
#.# #.# ##
#.# #.# #
#.#####
#.# #
#.....#
#.# #
#####.#
#.# # #.#
#.# ####
#.# #.#
#.†.


You could see a titanic slime creature and a slime creature.

Vanquished Creatures
  A war gargoyle (D:11)
  A stone giant (D:11)
  An ettin (D:11)
  A centaur warrior (D:11)
  2 boulder beetles (D:11)
  2 ogre magi (D:11)
  A two-headed ogre (D:12)
  Erica (D:11)
  A deep elf knight (D:11)
  An ugly thing (D:11)
  2 manticores (D:12)
  2 cyclopes
  Joseph (D:9)
  A kobold demonologist (D:11)
  A komodo dragon (D:12)
  5 polar bears (D:9)
  2 trolls
  2 hornets (D:10)
  A slime creature (D:11)
  A shadow (D:12)
  A vampire (D:9)
  21 yaks
  Eustachio (D:4)
  A wraith (D:11)
  2 unseen horror simulacra (D:9)
  Edmund (D:6)
  2 acid dragons
  4 water moccasins
  2 black bears
  21 ice beasts
  A sky beast (D:7)
  2 wolves (D:9)
  An ogre (D:7)
  4 centaurs
  2 phantoms (D:5)
  2 elf zombies (Ossuary)
  Blork the orc (D:6)
  5 bullfrogs
  3 kobold brigands
  A gnoll sergeant (D:6)
  2 scorpions
  A necrophage (D:5)
  4 wights (D:8)
  11 killer bees
  3 howler monkeys
  6 electric eels (D:9)
  A human zombie (Ossuary)
  3 orc priests
  A jelly (D:7)
  Crazy Yiuf (D:7)
  A gnoll bouda (D:8)
  3 hounds
  4 iguanas
  3 orc wizards
  3 centaur simulacra (D:9)
  2 mummies (Ossuary)
  12 gnolls
  11 adders
  A shadow imp (D:7)
  3 white imps
  An ufetubus (D:9)
  A worm (D:3)
  A dart slug (D:1)
  18 orcs
  4 ball pythons
  6 endoplasms
  2 giant cockroaches
  4 hobgoblins
  4 jackals (D:4)
  18 kobolds
  2 quokkas
  6 bats
  4 frilled lizards
  5 gnoll zombies (Ossuary)
  2 goblins
  A goblin zombie (Ossuary)
  3 hobgoblin zombies (Ossuary)
  2 orc zombies (Ossuary)
  5 rats
273 creatures vanquished.

Vanquished Creatures (collateral kills)
  A yak (D:10)
1 creature vanquished.

Vanquished Creatures (others)
  10 plants (D:3)
10 creatures vanquished.

Grand Total: 284 creatures vanquished

Notes
Turn   | Place    | Note
-------+----------+-------------------------------------------
     0 | D:1      | zermelo the Minotaur Berserker began the quest for the Orb.
     0 | D:1      | Reached XP level 1. HP: 19/19 MP: 0/0
   294 | D:1      | Reached skill level 4 in Axes
   384 | D:1      | Reached XP level 2. HP: 26/26 MP: 1/1
  1443 | D:2      | Found a faded altar of an unknown god.
  1640 | D:2      | Found Wuthoseur's Armour Boutique.
  1760 | D:2      | Reached skill level 5 in Axes
  1843 | D:2      | Reached XP level 3. HP: 31/31 MP: 2/2
  2415 | D:3      | Reached ** piety under Trog
  2745 | D:3      | Reached XP level 4. HP: 33/39 MP: 3/3
  2749 | D:3      | Reached skill level 6 in Axes
  3041 | D:3      | Found a glowing silver altar of Zin.
  3183 | D:4      | Noticed Eustachio
  3193 | D:4      | Killed Eustachio
  3194 | D:4      | Reached skill level 7 in Axes
  3194 | D:4      | Reached XP level 5. HP: 45/45 MP: 4/4
  3347 | D:4      | Reached skill level 8 in Axes
  3793 | D:4      | Found Vec Feot's Tremendous Tomes.
  4449 | D:5      | Entered Level 5 of the Dungeon
  4491 | D:5      | Noticed an ice beast
  4506 | D:5      | Killed an ice beast
  4507 | D:5      | Reached XP level 6. HP: 51/51 MP: 5/5
  4533 | D:5      | Noticed a water moccasin
  4564 | D:5      | Found a white marble altar of Elyvilon.
  4581 | D:5      | Reached skill level 9 in Axes
  4619 | D:5      | Reached XP level 7. HP: 57/57 MP: 6/6
  4839 | D:5      | Reached skill level 10 in Axes
  5626 | D:5      | Reached skill level 11 in Axes
  5661 | D:5      | Found a staircase to the Ecumenical Temple.
  5754 | Temple   | Entered the Ecumenical Temple
  6356 | D:6      | Noticed Blork the orc
  6356 | D:6      | Noticed a yak
  6357 | D:6      | Noticed a yak
  6430 | D:6      | Reached XP level 8. HP: 64/64 MP: 7/7
  6432 | D:6      | Reached skill level 12 in Axes
  6506 | D:6      | Noticed Edmund
  6524 | D:6      | Killed Edmund
  6780 | D:6      | Reached skill level 13 in Axes
  6870 | D:6      | Killed Blork the orc
  7191 | D:6      | Reached skill level 14 in Axes
  7195 | D:6      | Reached XP level 9. HP: 70/70 MP: 8/8
  7210 | D:6      | Reached skill level 15 in Axes
  7430 | D:6      | Reached *** piety under Trog
  7657 | D:7      | Identified the +6 chain mail of the Shoals {Str+3 Dex+3}
  8015 | D:7      | Reached skill level 16 in Axes
  8501 | D:7      | Found a runed translucent door.
  8502 | D:7      | Noticed Crazy Yiuf
  8506 | D:7      | Killed Crazy Yiuf
  8643 | D:8      | Found a sand-covered staircase.
  8718 | Ossuary  | Entered an ossuary
  8951 | D:8      | Identified the +4 ring mail "Hero's Friend" {rElec rC+++
                  | Str-3 Int+3}
  9022 | D:8      | Found a shadowy altar of Dithmenos.
  9066 | D:8      | Reached skill level 1 in Shields
  9066 | D:8      | Reached XP level 10. HP: 78/78 MP: 9/9
  9120 | D:8      | Found a basalt altar of Yredelemnul.
  9644 | D:8      | Found a shimmering blue altar of Sif Muna.
  9644 | D:8      | Found a stormy altar of Qazlal.
  9659 | D:8      | Reached **** piety under Trog
  9939 | D:8      | Found a staircase to the Lair.
 10042 | D:8      | Found a broken altar of Ashenzari.
 10042 | D:8      | Found a snail-covered altar of Cheibriados.
 10263 | D:9      | Noticed a +0 dagger
 10265 | D:9      | Noticed a +0 short sword
 10265 | D:9      | Noticed a +0 dagger
 10265 | D:9      | Noticed a +0 falchion
 10266 | D:9      | Noticed a +0 spear
 10303 | D:9      | Reached skill level 5 in Fighting
 10332 | D:9      | Noticed a +0 spear
 10342 | D:9      | Noticed a +0 short sword
 10375 | D:9      | Noticed a +0 falchion
 10480 | D:9      | Found a hide-covered altar of Uskayaw.
 10633 | D:9      | Reached skill level 5 in Armour
 10942 | D:9      | Reached skill level 5 in Dodging
 10944 | D:9      | Reached skill level 5 in Shields
 11294 | D:9      | Found an ancient bone altar of Kikubaaqudgha.
 11295 | D:9      | Found an ornate altar of the Wu Jian Council.
 11395 | D:9      | Noticed Joseph
 11410 | D:9      | Killed Joseph
 11411 | D:9      | Reached XP level 11. HP: 91/91 MP: 10/10
 11759 | D:9      | Found Opluots's Jewellery Emporium.
 13253 | D:10     | Entered Level 10 of the Dungeon
 13380 | D:10     | Found a hazy altar of Hepliaklqana.
 13601 | D:10     | Reached ***** piety under Trog
 14707 | D:11     | Noticed a centaur warrior
 14707 | D:11     | Noticed a boulder beetle
 14713 | D:11     | Killed a centaur warrior
 14725 | D:11     | Killed a boulder beetle
 15127 | D:11     | Found a staircase to the Orcish Mines.
 15135 | D:11     | Noticed Erica
 15150 | D:11     | Killed Erica
 15151 | D:11     | Reached skill level 17 in Axes
 15318 | D:11     | Found Cyghytt's Assorted Antiques.
 15644 | D:11     | Noticed an ogre mage
 15654 | D:11     | Killed an ogre mage
 15658 | D:11     | Noticed an ogre mage
 15659 | D:11     | Noticed a red ugly thing
 15663 | D:11     | Killed an ogre mage
 15664 | D:11     | Reached XP level 12. HP: 103/103 MP: 11/11
 15667 | D:11     | Identified the +3 leather armour "Coanleamp" {Slay+5
                  | Stlth+}
 15728 | D:11     | Noticed a war gargoyle
 15728 | D:11     | Noticed a stone giant
 15738 | D:11     | Killed a war gargoyle
 15743 | D:11     | Killed a stone giant
 15810 | D:11     | Noticed an ettin
 15823 | D:11     | Killed an ettin
 15865 | D:11     | Identified the +10 short sword "Sositis" {drain, rElec MP-9
                  | Str+4 Stlth+}
 15938 | D:11     | Noticed a boulder beetle
 15950 | D:11     | Killed a boulder beetle
 16788 | D:12     | Noticed a two-headed ogre
 16793 | D:12     | Killed a two-headed ogre
 16794 | D:12     | Reached skill level 10 in Fighting
 16893 | D:12     | Demolished by a titanic slime creature

Illustrated notes

Levels and vault maps discovered:
D:1:      dpeg_arrival_arbitrary_a, layout_loops_corners, minmay_fountain_box
D:2:      layout_basic, shapermc_ecumenical_altar_starsandcircs, serial_shops,
          nicolae_shop_stone
D:3:      layout_basic, nicolae_overflow_hidden_temple, serial_bayou,
          serial_bayou_shore_b, serial_bayou_pond_e, serial_bayou_pond_d,
          serial_bayou_lagoon_a
D:4:      layout_basic, nicolae_shop_i_like_big_books, interstate_on_off,
          uniq_eustachio
D:5:      lemuel_ice_spiral_2, layout_basic, general_overflow_altar,
          minmay_temple_entry_nine_rooms, minmay_quadrilaterals
D:6:      layout_rooms, uniq_blork_the_orc, uniq_edmund
D:7:      layout_rooms, hangedman_decor_lopped, uniq_crazy_yiuf_cottage
D:8:      layout_basic, mainiacjoe_overflow_chevrons,
          gammafunk_temple_overflow_statue,
          mainiacjoe_overflow_concentric_impassable,
          gammafunk_temple_overflow_pools, lair_entry_dummy,
          nicolae_ossuary_entry_monument
D:9:      minmay_twisted_water, layout_irregular_city,
          nicolae_uskayaw_en_pointe, mainiacjoe_overflow_divided_tiny,
          serial_ice, serial_ice_a, serial_ice_i, serial_ice_g, serial_ice_e,
          serial_ice_c, serial_ice_f, serial_ice_n, serial_ice_o, serial_shops,
          kennysheep_mini_moat, uniq_joseph
D:10:     layout_basic, lemuel_round_altar, nrook_campfire, fungi_pond_lemuel
D:11:     minmay_sliced_demisemicircle, layout_irregular_city, orc_0_dummy,
          serial_shops, shop, uniq_erica
D:12:     layout_loops_ring
Temple:   hellmonk_temple_flake

Skill      XL: |  1  2  3  4  5  6  7  8  9 10 11 12 |
---------------+-------------------------------------+-----
Axes           | 4 5 7 8 9 11 14 16 17 | 17.6
Shields        | 1 5 8 9 |  9.2
Fighting       | 6 8 10 | 10.0
Armour         | 6 8 9 |  9.6
Dodging        | 5 7 8 |  8.8

Action                   |  1- 3 |  4- 6 |  7- 9 | 10-12 || total
-------------------------+-------+-------+-------+-------++-------
Melee: War axe           |    79 |    46 |   263 |   273 ||   661
       Headbutt          |    15 |    11 |    53 |   106 ||   185
       Punch             |       |       |     4 |     3 ||     7
       Broad axe         |       |       |       |   148 ||   148
Throw: Stone             |       |       |     3 |       ||     3
       Javelin           |       |       |       |     3 ||     3
Invok: Berserk           |       |     1 |     1 |     5 ||     7
       Trog's Hand       |       |     1 |       |     1 ||     2
  Use: Scroll            |       |       |     9 |    15 ||    24
       Potion            |       |       |       |     2 ||     2
 Stab: Sleeping          |     1 |       |       |       ||     1
Armor: Animal skin       |     4 |       |       |       ||     4
       Ring mail         |    17 |       |       |       ||    17
       Plate armour      |     7 |    23 |    69 |       ||    99
       Chain mail        |       |       |    66 |   226 ||   292
       Skin              |       |       |       |     2 ||     2
Dodge: Dodged            |    34 |     8 |    75 |   195 ||   312
